[Event "Titled Tuesday Blitz February 07 Early 2023"]
[White "Dehtiarov, Roman"]
[Black "Sowul, Bartosz"]
[WhiteFideId "14186640"]
[BlackFideId "1137590"]
[WhiteElo "2289"]
[BlackElo "2269"]
[Result "0-1"]
[Round "01"]
[TimeControl "180+2"]
[Date "2023.02.07"]
[WhiteClock "0:00:03"]
[BlackClock "0:00:16"]

1. e4 c5 2. Nc3 d6 3. f4 g6 4. Nf3 Bg7 5. Bb5+ Bd7 6. Bxd7+ Qxd7 7. O-O Nc6 8. d3 e6 9. Qe1 Nge7 10. Qf2 O-O 11. Be3 b6 12. Rad1 e5 13. Qh4 f5 14. Nd5 Nxd5 15. exd5 Nd4 16. Bxd4 cxd4 17. c4 dxc3 18. bxc3 Bf6 19. Qf2 exf4 20. c4 Rae8 21. Nd4 Bxd4 22. Qxd4 g5 23. h4 h6 24. a4 Re3 25. a5 bxa5 26. Ra1 a4 27. Ra2 Rfe8 28. Qf6 Qg7 29. Qxd6 Rxd3 30. Rxa4 f3 31. gxf3 Rd2 32. Qg3 Qd4+ 33. Kh1 f4 34. Qg4 Rf2 35. Rg1 Qd2 36. Qh3 Qe3 37. hxg5 Rxf3 38. gxh6+ Kh8 39. Qh2 Rh3 40. Ra2 Rxh2+ 41. Rxh2 Qf3+ 42. Rhg2 Rg8 43. d6 Rg3 0-1


[Site "https://www.chess.com"]

[Event "Titled Tuesday Blitz February 07 Early 2023"]
[White "Mushini Ajay"]
[Black "Akobian, Varuzhan"]
[WhiteFideId "35066188"]
[BlackFideId "13300580"]
[WhiteElo "2310"]
[BlackElo "2591"]
[Result "1/2-1/2"]
[Round "01"]
[TimeControl "180+2"]
[Date "2023.02.07"]
[WhiteClock "0:00:12"]
[BlackClock "0:00:14"]

1. e4 d6 2. d4 Nf6 3. Nc3 c6 4. a4 Qc7 5. Nf3 Bg4 6. h3 Bh5 7. g4 Bg6 8. e5 Nd5 9. Nxd5 cxd5 10. c3 e6 11. Bd3 Nc6 12. Bxg6 hxg6 13. Bf4 dxe5 14. Bxe5 Nxe5 15. Nxe5 Bd6 16. Qe2 Bxe5 17. Qxe5 Qxe5+ 18. dxe5 Rc8 19. O-O-O g5 20. Rd4 Ke7 21. f4 gxf4 22. Rxf4 g5 23. Rf6 Rc4 24. a5 Rxg4 25. Rhf1 Rf4 26. R1xf4 gxf4 27. Rxf4 Rxh3 28. Rb4 b6 29. axb6 axb6 30. Rxb6 Re3 31. Rb7+ Kf8 32. b4 Rxc3+ 33. Kb2 Re3 34. b5 Rxe5 35. Kc3 Re1 36. b6 Rb1 37. Kd4 Kg7 38. Kc5 Kg6 39. Ra7 f5 40. Ra4 Kg5 41. Rb4 Rc1+ 42. Kd6 Rc8 43. b7 Rb8 44. Kxe6 f4 45. Kxd5 f3 46. Kc6 f2 47. Rb1 Kf4 48. Kc7 Rxb7+ 49. Kxb7 Kf3 50. Rf1 Kg2 51. Rxf2+ Kxf2 1/2-1/2


[Site "https://www.chess.com"]

[Event "Titled Tuesday Blitz February 07 Early 2023"]
[White "Skliarov, Viktor"]
[Black "Andreev, Konstantin"]
[WhiteFideId "14106736"]
[BlackFideId "24239305"]
[WhiteElo "2383"]
[BlackElo "2195"]
[Result "1/2-1/2"]
[Round "01"]
[TimeControl "180+2"]
[Date "2023.02.07"]
[WhiteClock "0:00:18"]
[BlackClock "0:01:20"]

1. e4 c5 2. Nf3 e6 3. c3 d5 4. e5 Nc6 5. d4 Qb6 6. a3 a5 7. Bd3 Nge7 8. O-O Ng6 9. h4 Be7 10. h5 Nf8 11. h6 gxh6 12. Bc2 Bd7 13. Nbd2 O-O-O 14. dxc5 Bxc5 15. Nb3 Be7 16. Bxh6 Ng6 17. Qe2 Rhg8 18. Rab1 Qc7 19. Rfe1 f6 20. exf6 Bxf6 21. Nc5 Rde8 22. Nxd7 Kxd7 23. c4 Nf4 24. Bxf4 Qxf4 25. cxd5 exd5 26. Qd3 Rxe1+ 27. Rxe1 Rg7 28. Qxd5+ Kc7 29. Be4 Qg4 30. g3 h5 31. Nh2 Qg5 32. Qxg5 Rxg5 33. b3 Nd4 34. Nf3 Rb5 35. Nxd4 Bxd4 36. Rd1 Bb6 37. Rd3 Re5 38. Bf3 Rg5 39. Kg2 Bc5 40. a4 b6 41. Rd5 Rxd5 42. Bxd5 Be7 43. Bf7 h4 44. g4 Bg5 45. Kf3 Kd6 46. Bc4 Ke5 47. Bb5 Kd4 48. Bc6 Ke5 49. Bb7 Bf4 50. Kg2 Bg5 51. Kf3 1/2-1/2


[Site "https://www.chess.com"]

[Event "Titled Tuesday Blitz February 07 Early 2023"]
[White "Nikologorsky, Matfei"]
[Black "Nazari, Arad"]
[WhiteFideId "24102474"]
[BlackFideId "12577324"]
[WhiteElo "2182"]
[BlackElo "2367"]
[Result "1-0"]
[Round "01"]
[TimeControl "180+2"]
[Date "2023.02.07"]
[WhiteClock "0:00:42"]
[BlackClock "0:00:49"]

1. e4 c5 2. Nf3 d6 3. d4 cxd4 4. Nxd4 Nf6 5. Nc3 a6 6. h3 e5 7. Nde2 h5 8. Bg5 Be6 9. Nc1 Be7 10. Be2 h4 11. O-O Nc6 12. Nb3 Nd7 13. Bxe7 Qxe7 14. Qd2 Nc5 15. Rad1 Rd8 16. f4 Bxb3 17. axb3 Nd4 18. Bc4 O-O 19. b4 Nce6 20. Nd5 Qd7 21. f5 b5 22. Ba2 Nc7 23. c3 Nxd5 24. Bxd5 Nc6 25. Qg5 Ne7 26. f6 Ng6 27. Qxg6 1-0


[Site "https://www.chess.com"]

[Event "Titled Tuesday Blitz February 07 Early 2023"]
[White "Nigmatov, Ortik"]
[Black "Mrudul Dehankar"]
[WhiteFideId "14202131"]
[BlackFideId "25096990"]
[WhiteElo "2438"]
[BlackElo "2030"]
[Result "1-0"]
[Round "01"]
[TimeControl "180+2"]
[Date "2023.02.07"]
[WhiteClock "0:00:10"]
[BlackClock "0:00:02"]

1. e4 c6 2. d4 d5 3. Nc3 dxe4 4. Nxe4 Nf6 5. Nxf6+ exf6 6. c3 Bd6 7. Bd3 h5 8. Ne2 h4 9. Be3 O-O 10. Qc2 Nd7 11. O-O-O Re8 12. g4 Nf8 13. Rdg1 Be6 14. g5 Bd5 15. Qd2 Bxh1 16. Rxh1 fxg5 17. Bxg5 Be7 18. Be3 Bf6 19. Rg1 Qa5 20. a3 Rad8 21. Bb1 Qh5 22. Nf4 Qf3 23. Bd3 Kh8 24. Be2 Qe4 25. Nh5 Rd6 26. Rg4 Qh7 27. Rg1 g6 28. Nxf6 Rxf6 29. Bd1 Kg8 30. Bf4 Ne6 31. Be5 Rf5 32. Bc2 Rh5 33. f4 Qh6 34. h3 Ng7 35. d5 Nf5 36. dxc6 bxc6 37. Bb3 Qf8 38. Rxg6+ Kh7 39. Rg4 Qh6 40. Bc2 Qe6 41. Qd3 f6 42. Bd4 Qe1+ 43. Bd1 Kh6 44. Rg1 Rd8 45. Rxe1 c5 46. Qa6 cxd4 47. Qxf6+ 1-0


[Site "https://www.chess.com"]

[Event "Titled Tuesday Blitz February 07 Early 2023"]
[White "Semenenko, Dmytry"]
[Black "Weetik, Vjacheslav"]
[WhiteFideId "14118645"]
[BlackFideId "4153472"]
[WhiteElo "2113"]
[BlackElo "2423"]
[Result "0-1"]
[Round "01"]
[TimeControl "180+2"]
[Date "2023.02.07"]
[WhiteClock "0:02:06"]
[BlackClock "0:00:04"]

1. Nf3 Nf6 2. c4 e6 3. d4 d5 4. Nc3 c6 5. e3 Nbd7 6. Bd3 dxc4 7. Bxc4 b5 8. Bd3 Bd6 9. O-O O-O 10. e4 e5 11. Bg5 h6 12. Bh4 Bb7 13. Rc1 exd4 14. Nxd4 Nc5 15. Bb1 b4 16. Na4 Nxa4 17. Qxa4 Bxh2+ 18. Kxh2 Qxd4 19. Rfd1 Qxb2 20. e5 Qxe5+ 21. Bg3 Qh5+ 22. Kg1 c5 23. Qb5 Be4 24. Rxc5 Qxd1+ 25. Kh2 Bxb1 26. Qxb4 Rfe8 27. Qf4 Bg6 28. Bh4 Ng4+ 29. Kg3 f5 30. Qc4+ Kh7 31. Qc3 Qd6+ 32. f4 Re3+ 33. Qxe3 Nxe3 34. Re5 Ng4 35. Re2 Qd3+ 36. Re3 Qxe3# 0-1


[Site "https://www.chess.com"]

[Event "Titled Tuesday Blitz February 07 Early 2023"]
[White "Fiorito, Joaquin"]
[Black "Foerster-Yialamas, Lucas"]
[WhiteFideId "180173"]
[BlackFideId "30901774"]
[WhiteElo "2405"]
[BlackElo "2151"]
[Result "1-0"]
[Round "01"]
[TimeControl "180+2"]
[Date "2023.02.07"]
[WhiteClock "0:00:11"]
[BlackClock "0:00:08"]

1. d4 Nf6 2. Nc3 d5 3. Bf4 c5 4. e4 cxd4 5. Qxd4 Nc6 6. Bb5 dxe4 7. Qxd8+ Kxd8 8. O-O-O+ Ke8 9. Nge2 e6 10. Ng3 Bd7 11. Ngxe4 a6 12. Be2 Bb4 13. Bd6 Bxc3 14. Nxc3 b5 15. Bf3 Rc8 16. Rhe1 Nd8 17. a4 bxa4 18. Rd4 Bc6 19. Bxc6+ Rxc6 20. Red1 Nb7 21. Ba3 a5 22. Nxa4 Nd5 23. Kb1 Rc8 24. c4 Nf6 25. Nb6 Rb8 26. c5 Nd8 27. Rd6 Ne4 28. Rd7 Nxf2 29. R1d2 Ng4 30. Nc4 Nc6 31. Rc7 Nce5 32. Nd6+ Kd8 33. Ra7 Nc6 34. Nxf7+ Ke8 35. Rc7 Rf8 36. Nd6+ Kd8 37. Rxc6 Rf2 38. Ne4+ Rxd2 39. Nxd2 Kd7 40. Rd6+ Kc7 41. Nc4 e5 42. Nxa5 e4 43. Re6 e3 44. h3 Nf6 45. Rxe3 Rd8 46. Nc4 Kc6 47. Ne5+ Kc7 48. Rd3 Rxd3 49. Nxd3 Nd5 50. b4 Kc6 51. Kb2 Kb5 52. Kb3 Ne3 53. g4 Nd5 54. Bb2 Ne3 55. Ne5 Nd5 56. Bc3 g6 57. Nc4 Nf4 58. Nd6+ Kc6 59. Kc4 Nxh3 60. b5+ Kd7 61. Bb4 Nf4 62. c6+ Kc7 63. Ne4 Ne6 64. Bd6+ Kc8 65. Kd5 Nd8 66. b6 h5 67. Nc5 hxg4 68. b7+ Nxb7 69. cxb7+ Kd8 70. b8=Q# 1-0


[Site "https://www.chess.com"]

[Event "Titled Tuesday Blitz February 07 Early 2023"]
[White "Lucassen, Mickey"]
[Black "Pacan-Milej, Kosma"]
[WhiteFideId "12919110"]
[BlackFideId "21800537"]
[WhiteElo "2023"]
[BlackElo "2402"]
[Result "1-0"]
[Round "01"]
[TimeControl "180+2"]
[Date "2023.02.07"]
[WhiteClock "0:00:22"]
[BlackClock "0:00:29"]

1. d4 Nf6 2. Nf3 g6 3. Nc3 d5 4. Bf4 Bg7 5. Nb5 Na6 6. h3 O-O 7. e3 c6 8. Na3 Nc7 9. Bd3 Nce8 10. O-O Nd6 11. Ne5 Bf5 12. c3 Bxd3 13. Qxd3 Nfe4 14. f3 Nf6 15. Bh2 Rc8 16. Nc2 c5 17. Rac1 Qb6 18. b3 c4 19. bxc4 Nxc4 20. Nxc4 Rxc4 21. e4 Rfc8 22. Ne3 Ra4 23. e5 Nd7 24. Nxd5 Qe6 25. Qb5 Rxa2 26. Qxb7 Rb8 27. Qc6 Qxc6 28. Nxe7+ Kf8 29. Nxc6 Rbb2 30. Bf4 Rxg2+ 31. Kh1 g5 32. Nb4 Rae2 33. Rfe1 gxf4 34. Rxe2 Rxe2 35. Ra1 Bxe5 36. Rxa7 Ke8 37. Nc6 Bb8 38. Ra8 Rb2 39. c4 f6 40. Ra5 Kf7 41. c5 Rb3 42. Kg2 Rb2+ 43. Kg1 Rb7 44. Nd8+ 1-0


[Site "https://www.chess.com"]

[Event "Titled Tuesday Blitz February 07 Early 2023"]
[White "Darini, Pouria"]
[Black "Zia, Tahsin Tajwar"]
[WhiteFideId "12502200"]
[BlackFideId "10211888"]
[WhiteElo "2401"]
[BlackElo "2315"]
[Result "1-0"]
[Round "01"]
[TimeControl "180+2"]
[Date "2023.02.07"]
[WhiteClock "0:00:35"]
[BlackClock "0:00:20"]

1. e4 c6 2. Nf3 d5 3. d3 dxe4 4. dxe4 Qxd1+ 5. Kxd1 Nf6 6. Nfd2 h5 7. c3 g5 8. Kc2 g4 9. f4 gxf3 10. gxf3 Bh6 11. Na3 Be6 12. Nb3 Bxc1 13. Rxc1 Bxb3+ 14. axb3 Nbd7 15. Nc4 b5 16. Na5 Rc8 17. Kd2 a6 18. Ke3 e5 19. Bh3 Ke7 20. Rhg1 c5 21. Rcd1 Rc7 22. Rg5 Rg8 23. Rxg8 Nxg8 24. Bxd7 Rxd7 25. Nc6+ Ke6 26. Nd8+ Ke7 27. Nc6+ Ke6 28. Rxd7 Kxd7 29. Nxe5+ Ke6 30. Nd3 Kd6 31. Kf4 f6 32. Kf5 a5 33. Kg6 c4 34. bxc4 bxc4 35. Nf4 h4 36. Kf7 Ne7 37. Kxf6 Nc6 38. Ng6 a4 39. e5+ Kd5 40. Nf4+ Kc5 41. e6 Kb5 42. e7 Nxe7 43. Kxe7 a3 44. bxa3 Ka4 45. Kd6 Kxa3 46. Kc5 Kb3 47. Kd4 h3 48. Nxh3 1-0


[Site "https://www.chess.com"]

[Event "Titled Tuesday Blitz February 07 Early 2023"]
[White "Kalajzic, Ivan"]
[Black "Seo, Jung Min"]
[WhiteFideId "14506378"]
[BlackFideId "1734687"]
[WhiteElo "2062"]
[BlackElo "2494"]
[Result "0-1"]
[Round "01"]
[TimeControl "180+2"]
[Date "2023.02.07"]
[WhiteClock "0:00:04"]
[BlackClock "0:02:02"]

1. b3 d5 2. Bb2 Bf5 3. e3 e6 4. Nf3 Nd7 5. d4 Ngf6 6. Bd3 Bxd3 7. cxd3 Bb4+ 8. Nbd2 O-O 9. O-O Re8 10. Ne5 Nxe5 11. dxe5 Nd7 12. f4 Bf8 13. Qh5 g6 14. Qh3 Nc5 15. d4 Nd3 16. Rab1 Nxb2 17. Rxb2 c5 18. Rc2 Qb6 19. Nf3 cxd4 20. exd4 Rac8 21. Rfc1 Rxc2 22. Rxc2 a5 23. Qg3 a4 24. Qf2 axb3 25. axb3 Qxb3 26. h4 b5 27. h5 b4 28. hxg6 hxg6 29. Ng5 Be7 30. Rc7 Qd1+ 31. Kh2 b3 32. Rb7 Qc2 33. Qh4 Bxg5 34. fxg5 b2 35. Rxf7 Kxf7 36. Qh7+ Kf8 37. Qh8+ Ke7 38. Qf6+ Kd7 0-1


[Site "https://www.chess.com"]

[Event "Titled Tuesday Blitz February 07 Early 2023"]
[White "Chernobay, Artem"]
[Black "Fernandez Siles, Luis"]
[WhiteFideId "4167406"]
[BlackFideId "2209420"]
[WhiteElo "2484"]
[BlackElo "2218"]
[Result "1-0"]
[Round "01"]
[TimeControl "180+2"]
[Date "2023.02.07"]
[WhiteClock "0:00:21"]
[BlackClock "0:00:20"]

1. e4 c5 2. Nf3 Nc6 3. Bb5 g6 4. Bxc6 dxc6 5. d3 Bg7 6. h3 Nf6 7. Nc3 Nd7 8. Be3 e5 9. Qd2 h6 10. O-O b6 11. Nh2 Nf8 12. f4 exf4 13. Bxf4 Ne6 14. Bg3 O-O 15. e5 Qg5 16. Qf2 Bxe5 17. Bxe5 Qxe5 18. Ng4 Qd4 19. Nxh6+ Kg7 20. Ng4 Qxf2+ 21. Rxf2 Nd4 22. Ne5 f6 23. Nc4 Ba6 24. Ne4 Bxc4 25. dxc4 Rae8 26. Ng3 Re3 27. Kh2 Rfe8 28. c3 Ne6 29. Rd1 Ng5 30. Rd7+ R8e7 31. Rfd2 Kf7 32. h4 Rxg3 33. Kxg3 Ne4+ 34. Kf4 Nxd2 35. Rxd2 Ke6 36. Re2+ Kf7 37. Rxe7+ Kxe7 38. g4 Kf7 39. h5 Kg7 40. a4 f5 41. gxf5 gxh5 42. Kg5 a5 43. Kxh5 Kf6 44. Kg4 Kf7 45. Kg5 Kg7 46. f6+ Kf7 47. Kf5 Kf8 48. Ke6 Ke8 49. f7+ Kf8 50. Kf6 b5 51. axb5 cxb5 52. cxb5 1-0


[Site "https://www.chess.com"]

[Event "Titled Tuesday Blitz February 07 Early 2023"]
[White "Rosenberg, Evan S"]
[Black "EREBUNI91"]
[WhiteFideId "2019299"]
[WhiteElo "1956"]
[BlackElo "2666"]
[Result "1-0"]
[Round "01"]
[TimeControl "180+2"]
[Date "2023.02.07"]
[WhiteClock "0:00:40"]
[BlackClock "0:00:10"]

1. d4 Nf6 2. Nf3 d5 3. c3 Bf5 4. Qb3 Qc8 5. c4 e6 6. cxd5 exd5 7. Nc3 c6 8. Bf4 Be7 9. Rc1 O-O 10. h3 h6 11. e3 Nbd7 12. Be2 Nb6 13. O-O Ne4 14. Rfd1 Nxc3 15. Rxc3 Be4 16. a4 Nd7 17. a5 Re8 18. Rdc1 Nf8 19. a6 bxa6 20. Rxc6 Qd8 21. Rxa6 Ne6 22. Be5 Bf6 23. Bxf6 Qxf6 24. Ne5 Qg5 25. Bf3 Nxd4 26. exd4 Qxc1+ 27. Kh2 Qf4+ 28. g3 Qd2 29. Bxe4 Qxd4 30. Bxd5 Qxe5 31. Bxf7+ Kh8 32. Bxe8 Qxe8 33. Qc3 Qf8 34. Rxh6+ Kg8 35. Qc4+ Qf7 36. Rh8+ Kxh8 37. Qxf7 1-0


[Site "https://www.chess.com"]

[Event "Titled Tuesday Blitz February 07 Early 2023"]
[White "Mogirzan, Matei-Valeriu"]
[Black "Dong, Bao Nghia"]
[WhiteFideId "1257455"]
[BlackFideId "12400343"]
[WhiteElo "1813"]
[BlackElo "2332"]
[Result "1-0"]
[Round "01"]
[TimeControl "180+2"]
[Date "2023.02.07"]
[WhiteClock "0:00:43"]
[BlackClock "0:01:57"]

1. e3 Nf6 2. d4 g6 3. g3 Bg7 4. Bg2 d5 5. Ne2 O-O 6. O-O b6 7. b3 a5 8. Bb2 Ba6 9. c4 c6 10. Nd2 Ra7 11. Rc1 Rd7 12. Qc2 Re8 13. Nf4 Bb7 14. Nd3 Na6 15. Ne5 Rc7 16. a3 c5 17. Ndf3 dxc4 18. Qxc4 cxd4 19. Qxf7+ Kh8 20. Nxd4 Bxg2 21. Ne6 Rg8 22. Nxd8 Rxd8 23. Kxg2 Rf8 24. Qe6 Nc5 25. Nf7+ Kg8 26. Nh6+ Kh8 27. Qh3 Rcc8 28. b4 axb4 29. axb4 Nd3 30. Rxc8 1-0


[Site "https://www.chess.com"]

[Event "Titled Tuesday Blitz February 07 Early 2023"]
[White "Skvortsov, Andrei"]
[Black "Alice, Mateus Felizardo Viageiro"]
[WhiteFideId "24108600"]
[BlackFideId "14800047"]
[WhiteElo "2313"]
[BlackElo "2202"]
[Result "1-0"]
[Round "01"]
[TimeControl "180+2"]
[Date "2023.02.07"]
[WhiteClock "0:00:23"]
[BlackClock "0:00:06"]

1. d4 Nf6 2. Nf3 e6 3. g3 b6 4. Bg2 Bb7 5. O-O Be7 6. c4 O-O 7. Nc3 d5 8. Ne5 h6 9. cxd5 exd5 10. Rb1 a6 11. b3 Bd6 12. Nd3 Re8 13. Bf4 Ne4 14. Nxe4 dxe4 15. Bxd6 Qxd6 16. Ne5 Nd7 17. Nc4 Qe7 18. e3 Rad8 19. Rc1 Nf6 20. Qe2 Qb4 21. Rfd1 Qe7 22. Ne5 c5 23. Nc4 cxd4 24. Rxd4 b5 25. Na5 Rc8 26. Rcd1 Qc7 27. Nxb7 Qxb7 28. g4 Qb6 29. h3 Qc5 30. Qb2 Qc2 31. R4d2 Qc7 32. Bf1 Qc5 33. Qd4 Qg5 34. Bg2 h5 35. gxh5 Qxh5 36. Qd6 Rcd8 37. Qxa6 Rxd2 38. Rxd2 Qg6 39. Qxb5 Re7 40. Rd4 Re6 41. Qb8+ Kh7 42. Qg3 Qh6 43. Qf4 Qg6 44. h4 Nh5 45. Qg5 Qxg5 46. hxg5 f5 47. gxf6 Nxf6 48. b4 Kg6 49. a4 Kf5 50. b5 Re8 51. a5 Ke5 52. b6 Ra8 53. b7 1-0


[Site "https://www.chess.com"]

[Event "Titled Tuesday Blitz February 07 Early 2023"]
[White "Babikov, Ivan"]
[Black "Liyanage, Ranindu Dilshan"]
[WhiteFideId "4161106"]
[BlackFideId "9915834"]
[WhiteElo "2239"]
[BlackElo "2342"]
[Result "0-1"]
[Round "01"]
[TimeControl "180+2"]
[Date "2023.02.07"]
[WhiteClock "0:00:14"]
[BlackClock "0:00:15"]

1. Nf3 Nf6 2. g3 e6 3. Bg2 d5 4. O-O Be7 5. d4 O-O 6. c4 dxc4 7. Ne5 c5 8. dxc5 Qc7 9. Nxc4 Qxc5 10. Nba3 Rd8 11. Qc2 Nc6 12. Be3 Qh5 13. Rfd1 Bd7 14. Bf3 Qh3 15. Bg2 Qh5 16. Bf3 Ng4 17. Bxg4 Qxg4 18. Qb3 b5 19. Nd6 Na5 20. Qc2 a6 21. Qe4 Qh5 22. Bb6 Bc6 23. Qe3 Rxd6 24. Bxa5 Rxd1+ 25. Rxd1 Bc5 26. Qd3 Qh3 27. Qd8+ Rxd8 28. Rxd8+ Bf8 29. f3 h6 30. Bb4 Qf5 31. Bxf8 Kh7 32. Be7 Qe5 33. Kf2 Qxb2 34. Rc8 Bd5 35. Rc2 Qd4+ 36. Kg2 b4 37. Bc5 Qd1 38. Bxb4 h5 39. Rd2 Qa1 40. h4 Bxa2 41. Nc2 Qb1 42. Bd6 Bd5 43. Ne3 Qb5 44. Nxd5 exd5 45. Bf4 Qc4 46. Be3 a5 47. Rd4 Qb3 48. Bf2 a4 49. Rd3 Qb5 50. Bd4 f6 51. Bc3 Qc4 52. Ba1 Qa2 53. Kf2 Qxa1 54. Rxd5 a3 55. Rxh5+ Kg8 56. Ra5 a2 57. h5 Qb2 58. Kg2 Qxe2+ 59. Kh3 Qf1+ 60. Kg4 a1=Q 61. Rxa1 Qxa1 62. f4 Qd1+ 63. Kh4 Kh7 64. g4 Qe1+ 65. Kh3 Qe3+ 66. Kh4 Qxf4 67. h6 Qxh6+ 68. Kg3 Qe3+ 69. Kh4 Kh6 70. g5+ fxg5+ 71. Kg4 Qf4+ 72. Kh3 g4+ 73. Kg2 Qf3+ 74. Kg1 Qe2 75. Kh1 g3 76. Kg1 Qf2+ 77. Kh1 Qh2# 0-1


[Site "https://www.chess.com"]

[Event "Titled Tuesday Blitz February 07 Early 2023"]
[White "Belozerov, Andrei"]
[Black "Fernandez Garcia, Gumersindo"]
[WhiteFideId "4120213"]
[BlackFideId "24516740"]
[WhiteElo "2461"]
[BlackElo "2160"]
[Result "1/2-1/2"]
[Round "01"]
[TimeControl "180+2"]
[Date "2023.02.07"]
[WhiteClock "0:00:10"]
[BlackClock "0:00:47"]

1. e4 c5 2. Nf3 g6 3. d4 cxd4 4. Nxd4 Bg7 5. c4 Nc6 6. Be3 Nf6 7. Nc3 Ng4 8. Qxg4 Nxd4 9. Qd1 Ne6 10. Rc1 b6 11. Bd3 Bb7 12. O-O O-O 13. Qd2 Nc5 14. Bb1 Re8 15. f3 Rc8 16. b4 Ne6 17. Nd5 d6 18. f4 Qd7 19. f5 Nc7 20. Bd4 Nxd5 21. exd5 b5 22. fxg6 hxg6 23. Bxg7 Kxg7 24. Rxf7+ Kxf7 25. Qh6 Qg4 26. Bxg6+ Qxg6 27. Rf1+ Qf6 28. Qh7+ Kf8 29. Qh8+ Kf7 30. Qh7+ Kf8 31. Qh8+ Kf7 32. Qh7+ 1/2-1/2


[Site "https://www.chess.com"]

[Event "Titled Tuesday Blitz February 07 Early 2023"]
[White "Kirillov, Dmitry"]
[Black "Garayev, Kanan"]
[WhiteFideId "34180572"]
[BlackFideId "13406671"]
[WhiteElo "2179"]
[BlackElo "2346"]
[Result "0-1"]
[Round "01"]
[TimeControl "180+2"]
[Date "2023.02.07"]
[WhiteClock "0:00:03"]
[BlackClock "0:00:35"]

1. e4 c5 2. Nf3 Nf6 3. Nc3 d5 4. exd5 Nxd5 5. Bb5+ Bd7 6. Bc4 Nb6 7. Be2 Nc6 8. d4 cxd4 9. Nxd4 e5 10. Ndb5 Bf5 11. Be3 Bb4 12. O-O O-O 13. Bd3 Bxd3 14. cxd3 a6 15. Na3 Nd5 16. Nab1 Be7 17. Nxd5 Qxd5 18. Nc3 Qd7 19. Qe2 Rad8 20. Rad1 f5 21. Bb6 Rde8 22. f4 exf4 23. Qf3 Bd6 24. Qd5+ Kh8 25. Rxf4 Ne7 26. Qd4 Nc6 27. Qd5 Qe7 28. Rff1 Rf6 29. Rxf5 Rh6 30. Rff1 Bxh2+ 31. Kf2 Rf8+ 0-1


[Site "https://www.chess.com"]

[Event "Titled Tuesday Blitz February 07 Early 2023"]
[White "Kononenko, Dmitry"]
[Black "Jakubowska, Anna"]
[WhiteFideId "14113538"]
[BlackFideId "1121952"]
[WhiteElo "2256"]
[BlackElo "2139"]
[Result "1/2-1/2"]
[Round "01"]
[TimeControl "180+2"]
[Date "2023.02.07"]
[WhiteClock "0:00:30"]
[BlackClock "0:00:14"]

1. e4 c6 2. d4 d5 3. e5 Bf5 4. Nc3 e6 5. g4 Bg6 6. Nge2 h6 7. Nf4 Bh7 8. Bd3 Bxd3 9. Qxd3 c5 10. Be3 Nc6 11. dxc5 Nxe5 12. Qb5+ Qd7 13. O-O-O Nxg4 14. Rhe1 Nxe3 15. Rxe3 Qxb5 16. Nxb5 O-O-O 17. b4 a6 18. Nd4 g5 19. Nfxe6 fxe6 20. Nxe6 Re8 21. Rxd5 Nf6 22. Rf5 Ng4 23. Re4 Nxh2 24. f3 h5 25. Nxg5 Bh6 26. Kb2 Bxg5 27. Rxg5 Nxf3 28. Rxe8+ Rxe8 29. Rxh5 Re2 30. Rh3 Nd4 31. Rc3 Kc7 32. Rc4 Nc6 33. Kb3 Re3+ 34. c3 Ne5 35. Rh4 Nf3 36. Rh7+ Kc6 37. a4 Nd2+ 38. Kb2 Ne4 39. c4 Nd2 40. b5+ axb5 41. axb5+ Kxc5 42. Rxb7 Nxc4+ 43. Kc2 Na3+ 44. Kd2 Re6 45. b6 Nc4+ 46. Kd3 Nxb6 47. Rc7+ Kd5 48. Rh7 Rf6 49. Rh5+ Kc6 50. Rh8 Nd5 51. Rc8+ Kb5 52. Rb8+ Kc5 53. Rc8+ Kd6 54. Rd8+ Ke5 55. Re8+ Kf5 56. Rh8 Nf4+ 57. Ke3 Re6+ 58. Kd4 Rd6+ 59. Kc5 Rd1 60. Rf8+ Ke4 61. Re8+ Kf5 62. Rf8+ Ke5 63. Rh8 Ne6+ 64. Kc4 Rd4+ 65. Kc3 Rf4 66. Ra8 Kd5 67. Ra5+ Nc5 68. Ra8 Rf3+ 69. Kd2 Kc4 70. Ke2 Rb3 71. Rh8 Kd4 72. Rd8+ Kc4 73. Rh8 Ra3 74. Rh4+ Kd5 75. Rh8 Ra2+ 76. Ke3 Ra3+ 77. Ke2 Ne4 78. Rd8+ Kc4 79. Rc8+ Kd4 80. Rd8+ Ke5 81. Re8+ Kd5 82. Rd8+ Nd6 83. Rh8 Kd4 84. Rd8 Ra6 85. Kf3 Rc6 86. Ke2 Rc2+ 87. Kd1 Rc6 88. Ke2 Ke5 89. Rh8 Nf5 90. Re8+ Kf4 91. Ra8 Rd6 92. Ra4+ Kg3 93. Ra3+ Kf4 94. Ra4+ Ke5 95. Ra5+ Ke4 96. Ra8 Nd4+ 1/2-1/2


[Site "https://www.chess.com"]

[Event "Titled Tuesday Blitz February 07 Early 2023"]
[White "Xie, Bryan"]
[Black "Tristan, Leonardo"]
[WhiteFideId "30941296"]
[BlackFideId "113816"]
[WhiteElo "2361"]
[BlackElo "2545"]
[Result "0-1"]
[Round "01"]
[TimeControl "180+2"]
[Date "2023.02.07"]
[WhiteClock "0:00:05"]
[BlackClock "0:00:13"]

1. e4 d5 2. exd5 Qxd5 3. d4 Nc6 4. Nf3 Bg4 5. Nc3 Qd7 6. Be2 O-O-O 7. d5 Nb4 8. Ne5 Bxe2 9. Qxe2 Qf5 10. Qe4 Nxc2+ 11. Ke2 Qxe4+ 12. Nxe4 Nxa1 13. Nxf7 Nf6 14. Nxf6 exf6 15. Nxh8 Rxd5 16. Bf4 Nc2 17. Rc1 Nd4+ 18. Ke3 Ne6 19. Bg3 Bc5+ 20. Ke4 Rd4+ 21. Kf5 Kd7 22. Bxc7 Be7 23. Bg3 g6+ 24. Nxg6 hxg6+ 25. Kxg6 Nf4+ 26. Bxf4 Rxf4 27. f3 Rd4 28. Rc2 Rd5 29. h4 f5 30. h5 f4 31. h6 Rg5+ 32. Kf7 Rf5+ 33. Kg6 Rf6+ 34. Kg7 Re6 35. h7 Bf6+ 36. Kf7 Rd6 37. Rc7+ Kxc7 38. Kg8 Bxb2 39. h8=Q Rd8+ 40. Kf7 Rxh8 41. Kg6 Rh2 42. Kf5 Bc1 43. Kg4 Rxg2+ 44. Kh3 Rxa2 0-1


[Site "https://www.chess.com"]

[Event "Titled Tuesday Blitz February 07 Early 2023"]
[White "Tillyaev, Ulugbek"]
[Black "Matveeva, Olga"]
[WhiteFideId "14202441"]
[BlackFideId "24107018"]
[WhiteElo "2287"]
[BlackElo "2128"]
[Result "1-0"]
[Round "01"]
[TimeControl "180+2"]
[Date "2023.02.07"]
[WhiteClock "0:01:34"]
[BlackClock "0:00:58"]

1. e4 e6 2. Nf3 d5 3. Nc3 Nf6 4. e5 Nfd7 5. d4 c5 6. dxc5 Bxc5 7. Bd3 Nc6 8. Bf4 a6 9. O-O b5 10. Bg3 Bb7 11. Re1 Qb6 12. a3 b4 13. Na4 Qc7 14. Nxc5 Nxc5 15. Bf1 O-O 16. axb4 Nxb4 17. c3 Nc6 18. Nd2 d4 19. cxd4 Nxd4 20. Rc1 Qe7 21. Nc4 Nf5 22. Nd6 Nxd6 23. exd6 Qg5 24. Re5 f5 25. Rcxc5 h5 26. Rc7 Bd5 27. Rxd5 exd5 28. Qxd5+ Kh8 29. Be5 Rg8 30. Rxg7 1-0


[Site "https://www.chess.com"]

[Event "Titled Tuesday Blitz February 07 Early 2023"]
[White "Basso, Pier Luigi"]
[Black "Parkhov, Yair"]
[WhiteFideId "866970"]
[BlackFideId "2813408"]
[WhiteElo "2506"]
[BlackElo "2505"]
[Result "1-0"]
[Round "01"]
[TimeControl "180+2"]
[Date "2023.02.07"]
[WhiteClock "0:00:36"]
[BlackClock "0:00:11"]

1. d4 Nf6 2. c4 c6 3. Nf3 d5 4. cxd5 cxd5 5. Nc3 Nc6 6. Bf4 Bf5 7. e3 e6 8. Qb3 Bb4 9. Bb5 O-O 10. Bxc6 Bxc3+ 11. Qxc3 bxc6 12. O-O Rc8 13. Qa3 Ne4 14. Rfc1 g5 15. Bg3 h5 16. h4 f6 17. Qxa7 Rf7 18. Qa4 Nxg3 19. fxg3 Qd6 20. Qa6 Rcc7 21. hxg5 Be4 22. Qe2 Qxg3 23. Qf2 Qg4 24. g6 Rg7 25. Nd2 Bxg6 26. Qf3 Qxf3 27. Nxf3 Be4 28. Kf2 Rg4 29. Rh1 Rcg7 30. Rag1 f5 31. Rxh5 f4 32. exf4 Rxf4 33. Rh6 Kf7 34. Ke3 Rf5 35. Ne5+ Ke7 36. g4 Rf8 37. Rc1 Ra8 38. Rxc6 Kd8 39. Rh8+ Ke7 40. Rxa8 1-0


[Site "https://www.chess.com"]